 Dungeon Crawl Stone Soup version 0.18-a0-1040-g4865665 (webtiles) character file.

2981 Kris the Digger (level 9, -2/50 HPs)
             Began as a Gargoyle Earth Elementalist on Jan 10, 2016.
             Was an Initiate of Vehumet.
             Slain by a killer bee (7 damage)
             ... on level 6 of the Dungeon.
             The game lasted 00:29:47 (9444 turns).

Kris the Digger (Gargoyle Earth Elementalist)       Turns: 9444, Time: 00:29:47

Health: -2/50      AC: 13    Str: 11    XL:     9   Next: 83%
Magic:  9/19       EV: 12    Int: 20    God:    Vehumet [......]
Gold:   360        SH:  0    Dex: 10    Spells: 4 memorised, 11 levels left

rFire  . . .     SeeInvis .     u - +3 spear (pierce)
rCold  . . .     Gourm    .     a - +2 robe
rNeg   + . .     Faith    .     (no shield)
rPois  ∞         Spirit   .     (no helmet)
rElec  +         Dismiss  .     (no cloak)
rCorr  .         Reflect  .     (no gloves)
SustAt .         Harm     .     m - +2 pair of boots
MR     .....                    (no amulet)
Stlth  +.........               (no ring)
                                h - ring of wizardry

@: about to teleport, very slightly contaminated, starving, glowing, not
resistant to hostile enchantments, very unstealthy
A: negative energy resistance 1, electricity resistance, wild magic 1,
unbreathing, petrification resistance, rot immunity, AC +5
a: Renounce Religion


You were on level 6 of the Dungeon.
You worshipped Vehumet.
Vehumet was noncommittal.
You were starving.

You visited 2 branches of the dungeon, and saw 8 of its levels.

You collected 360 gold pieces.

Inventory:

Hand Weapons
 e - a +0 dagger of venom
 j - a +3 dagger
 l - a +2 mace of protection
 u - a +3 spear of piercing (weapon)
 y - a +2 antimagic hand axe
 A - a +1 spear of flaming
Missiles
 b - 284 stones (quivered)
Armour
 a - a +2 robe (worn)
 m - a +2 pair of boots (worn)
 t - a +0 buckler
Jewellery
 h - a ring of wizardry (left hand)
Wands
 w - a wand of enslavement (7/24)
 C - a wand of slowing (25/48)
Scrolls
 g - a scroll of recharging
 r - 3 scrolls of remove curse
 s - 6 scrolls of identify
 z - a scroll of teleportation
Potions
 i - a potion of curing
 p - a potion of cancellation
 v - 3 potions of brilliance
Books
 c - a book of Geomancy

   Spells                             Type                      Level
   a - Sandblast                      Earth                        1
   b - Stoneskin                      Transmutation/Earth          2
   c - Passwall                       Transmutation/Earth          3
   d - Stone Arrow                    Conjuration/Earth            3
   e - Petrify                        Transmutation/Earth          4
   f - Lee's Rapid Deconstruction     Earth                        5
Comestibles
 d - 3 bread rations
 f - a beef jerky
 k - a meat ration
 n - 10 chunks of flesh
 x - a slice of pizza


   Skills:
 + Level 3.1 Fighting
 + Level 3.2 Maces & Flails
 + Level 3.2 Armour
 + Level 3.0 Dodging
 - Level 2.1 Stealth
 + Level 3.1 Shields
 * Level 7.1 Spellcasting
 + Level 5.5 Conjurations
 - Level 0.7 Transmutations
 + Level 7.5 Earth Magic
 + Level 2.5 Evocations


You had 11 spell levels left.
You knew the following spells:

 Your Spells              Type           Power        Failure   Level  Hunger
a - Sandblast             Erth           ######       1%          1    None
b - Stoneskin             Trmt/Erth      #####...     2%          2    None
c - Stone Arrow           Conj/Erth      ######       2%          3    #......
d - Lee's Rapid Deconstr  Erth           ######....   11%         5    #####..


Dungeon Overview and Level Annotations

Branches:
Dungeon (7/15)             Temple (1/1) D:6

Altars:
Ashenzari
Dithmenos
Elyvilon
Fedhas
Gozag
Kikubaaqudgha
Makhleb
Nemelex Xobeh
Pakellas
Qazlal
Ru
Sif Muna
Trog
Vehumet
Xom
Yredelemnul
Zin


Innate Abilities, Weirdness & Mutations

You are resistant to torment.
Your stone body is resilient (AC +5).
You are immune to poison.
You resist negative energy.
You are resistant to electric shocks.
You can survive without breathing.
You are immune to petrification.
You are immune to rotting.
Your spells are a little harder to cast, but a little more powerful.


Message History

You are near starving!
Casting: Lee's Rapid Deconstruction
Confirm with . or Enter, or press ? or * to list all spells.
Aiming: Stone Arrow
Press: ? - help, Shift-Dir - straight line, f - hungry ghost
Aim: a hungry ghost (severely damaged)
Okay, then.
Drink which item? (? for menu, Esc to quit)
Okay, then.
Read which item? (? for menu, Esc to quit)
As you read the scroll of teleportation, it crumbles to dust.
You feel strangely unstable.
The killer bee stings you but does no damage. x3
The killer bee stings you.
* * * LOW HITPOINT WARNING * * *
The hungry ghost hits you.
* * * LOW HITPOINT WARNING * * *
You are starving!
The killer bee stings you!
You die...

#.# #.# #................ ####
#.# #.# #.####.#.r......# ...#
#.# #.# ##.## #.#.##.....# ##.#
#.# #.# #...###.#.####...# #.#
#.# #.# #.........# #.... #.# #.#
#.#####>..#.....# #.... #.# #.#
#.....W.........#####..# #.# #.#
#######yy............... #.# #.#
#@.#####...####..# ##.# #.#
#..#...#...# #... ...# #.#
#._#...#_..# ##.# #### #.#
#..#A..#...# #.. #.#
#..#####...####### #.#
#.................
######.##########................
..........................#####.#
#######................#..# #..


You could see an angel (mad), a hungry ghost and 2 killer bees.

Vanquished Creatures
  The ghost of WhatIsLove the Covered, a novice DsGl of Trog (D:6)
  A two-headed ogre (D:4)
  Grinder (D:3)
  Eustachio (D:6)
  Menkaure (D:6)
  3 eyes of draining (D:3)
  An ice beast (D:6)
  A sky beast (D:6)
  2 centaurs (D:6)
  3 ogres
  Blork the orc (D:6)
  A giant frog (D:6)
  A scorpion (D:5)
  A killer bee (D:6)
  A giant frog zombie (D:6)
  4 orc priests (D:4)
  2 hounds
  A jelly (D:6)
  4 orc wizards
  An iguana (D:4)
  7 worker ants
  5 gnolls
  6 adders
  6 river rats (D:5)
  A shadow imp (D:6)
  2 oozes
  An adder skeleton (D:5)
  2 worms
  5 giant geckos
  12 orcs
  5 giant cockroaches
  10 goblins
  8 hobgoblins
  4 jackals (D:5)
  5 kobolds
  2 quokkas
  4 bats (D:3)
  A giant cockroach zombie (D:6)
  4 giant newts
  19 rats
  A spectral orc (D:2)
142 creatures vanquished.

Notes
Turn   | Place    | Note
--------------------------------------------------------------
     0 | D:1      | Kris the Gargoyle Earth Elementalist began the quest for the Orb.
     0 | D:1      | Reached XP level 1. HP: 10/10 MP: 3/3
   263 | D:1      | Reached XP level 2. HP: 15/15 MP: 5/5
   369 | D:1      | Learned a level 2 spell: Stoneskin
   404 | D:1      | Reached skill level 4 in Earth Magic
  1011 | D:2      | Reached XP level 3. HP: 15/19 MP: 7/7
  1016 | D:2      | Learned a level 3 spell: Stone Arrow
  1206 | D:2      | Found a basalt altar of Yredelemnul.
  1771 | D:2      | Reached skill level 1 in Conjurations
  2079 | D:3      | Reached XP level 4. HP: 24/24 MP: 8/8
  2165 | D:3      | Found a deep blue altar of Sif Muna.
  2189 | D:3      | Reached XP level 5. HP: 21/28 MP: 2/10
  2634 | D:3      | Found an oddly glowing altar of Pakellas.
  2640 | D:3      | Noticed Grinder
  2666 | D:3      | Paralysed by Grinder for 2 turns
  2672 | D:3      | Killed Grinder
  2672 | D:3      | Reached skill level 5 in Earth Magic
  2672 | D:3      | Reached XP level 6. HP: 18/32 MP: 10/12
  2987 | D:3      | Found a bloodstained altar of Trog.
  2987 | D:3      | Noticed an eye of draining
  2987 | D:3      | Noticed an eye of draining
  2988 | D:3      | Noticed an eye of draining
  3006 | D:3      | Killed an eye of draining
  3006 | D:3      | Reached skill level 5 in Spellcasting
  3020 | D:3      | Killed an eye of draining
  3020 | D:3      | Reached XP level 7. HP: 36/36 MP: 0/14
  3996 | D:4      | Reached skill level 6 in Earth Magic
  4192 | D:4      | Noticed a two-headed ogre
  4199 | D:4      | Killed a two-headed ogre
  4199 | D:4      | Reached skill level 1 in Armour
  4199 | D:4      | Reached XP level 8. HP: 40/42 MP: 3/17
  4376 | D:4      | Reached skill level 1 in Maces & Flails
  4376 | D:4      | Reached skill level 1 in Evocations
  4590 | D:4      | Found an opulent altar of Gozag.
  4590 | D:4      | Found a sparkling altar of Nemelex Xobeh.
  4791 | D:4      | Learned a level 5 spell: Lee's Rapid Deconstruction
  4824 | D:4      | Reached skill level 1 in Fighting
  5121 | D:5      | Entered Level 5 of the Dungeon
  5140 | D:5      | Reached skill level 1 in Shields
  5438 | D:5      | Found an ancient bone altar of Kikubaaqudgha.
  5722 | D:5      | Found a white marble altar of Elyvilon.
  6555 | D:5      | Found a sacrificial altar of Ru.
  6594 | D:6      | Noticed WhatIsLove's ghost (novice DsGl)
  7058 | D:6      | Noticed an angel
  7058 | D:6      | Found a shimmering altar of Xom.
  7058 | D:6      | Found a glowing silver altar of Zin.
  7208 | D:6      | Killed WhatIsLove's ghost
  7208 | D:6      | Reached skill level 5 in Conjurations
  7208 | D:6      | Reached skill level 7 in Earth Magic
  7208 | D:6      | Reached XP level 9. HP: 16/48 MP: 0/19
  7433 | D:6      | Noticed Eustachio
  7546 | D:6      | Killed Eustachio
  8392 | D:6      | Found a staircase to the Ecumenical Temple.
  8404 | Temple   | Entered the Ecumenical Temple
  8572 | Temple   | Became a worshipper of Vehumet
  8715 | D:6      | Noticed Blork the orc
  8721 | D:6      | Killed Blork the orc
  9079 | D:6      | Noticed Menkaure
  9091 | D:6      | Killed Menkaure
  9348 | D:6      | Gained mutation: Your spells are a little harder to cast, but a little more powerful. [potion of beneficial mutation]
  9444 | D:6      | Slain by a killer bee

Vault maps used:
D:1:      lightli_arrival_flooded_house
D:2:      yredelemnul_forgotten_temple_becter, first_bread
D:3:      led_sif_book, trog_eyes_of_draining, grunt_pakellas_basics,
          uniq_grinder
D:4:      grunt_temple_overflow_opulence
D:5:      old_standard_altar, elyvilon_altar_3, nicolae_ru_path_of_blood,
          dk_rats_in_the_wall
D:6:      grunt_temple_overflow_order_and_chaos_1,
          minmay_temple_entry_overgrown, uniq_eustachio, uniq_blork_the_orc,
          uniq_menkaure
D:7:      lemuel_round_altar, slow_altar_1
Temple:   hc_temple_tempest_star_small

Action                   |  1- 3 |  4- 6 |  7- 9 || total
-------------------------+-------+-------+-------++-------
Melee: Dagger            |    64 |       |       ||    64
       Long sword        |    23 |       |       ||    23
       Mace              |    16 |     5 |       ||    21
       Spear             |       |    88 |   476 ||   564
 Cast: Sandblast         |     1 |     8 |     1 ||    10
       Stone Arrow       |       |     3 |    54 ||    57
       Lee's Rapid Decon |       |       |     2 ||     2
  Use: Scroll            |    11 |     2 |     6 ||    19
       Potion            |       |     3 |     5 ||     8
 Stab: Sleeping          |     8 |     1 |     3 ||    12
       Distracted        |       |       |     2 ||     2
  Eat: Chunk             |     4 |     3 |    20 ||    27
       Pizza             |       |       |     2 ||     2
